 Dungeon Crawl Stone Soup version 0.18-a0-1577-gf591c28 (webtiles) character file.

159 M4edhros the Poker (level 5, 0/51 HPs)
             Began as an Octopode Wanderer on Mar 17, 2016.
             Succumbed to a scorpion's poison
             ... on level 4 of the Dungeon.
             The game lasted 00:05:29 (2635 turns).

M4edhros the Poker (Octopode Wanderer)              Turns: 2635, Time: 00:05:29

Health: 0/51       AC: 22    Str: 12    XL:     5   Next: 40%
Magic:  5/5        EV:  2    Int: 14    God:
Gold:   260        SH:  0    Dex: 12    Spells: 1 memorised, 3 levels left

rFire  . . .     SeeInvis .     a - +2 spear
rCold  . . .     Gourm    .     (no shield)
rNeg   + + +     Faith    +     (helmet currently unavailable)
rPois  +         Spirit   .     u - amulet of faith
rElec  .         Dismiss  .     n - ring of wizardry
rCorr  .         Reflect  .     (no ring)
SustAt .         Harm     .     (no ring)
MR     .....     NoTele   +     (no ring)
Stlth  +++.......               (no ring)
                                (no ring)
                                (no ring)
                                (no ring)

@: lethally poisoned (0 -> -14), tree-form, very slightly contaminated, hasted,
very quick, not resistant to hostile enchantments, fairly stealthy
A: almost no armour, (amphibious), 8 rings, (constrict 8), (camouflage 0),
(gelatinous body 0)
a: no special abilities


You were on level 4 of the Dungeon.
You were hungry.
You were a tree.
You visited 1 branch of the dungeon, and saw 4 of its levels.

You collected 260 gold pieces.

Inventory:

Hand Weapons
 a - a +2 spear (weapon)
 d - a +0 blowgun
 e - a +0 dagger
Missiles
 c - 16 poisoned needles
 l - 111 stones (quivered)
 v - 8 needles of confusion
Jewellery
 n - a ring of wizardry (left branch)
 u - an amulet of faith (around neck)
Scrolls
 g - a scroll of fog {unknown}
 h - 5 scrolls of identify {unknown}
 m - a scroll of amnesia {unknown}
 r - 4 scrolls of fear {unknown}
 w - 2 scrolls of teleportation {unknown}
 x - a scroll of remove curse {unknown}
 y - a scroll of immolation {unknown}
 z - a scroll of random uselessness {unknown}
Potions
 i - 2 potions of cancellation {unknown}
 k - a potion of mutation {unknown}
 o - a potion of lignification
 q - 3 potions of haste
 s - a potion of brilliance {unknown}
 t - a potion of berserk rage {unknown}
 A - a potion of experience {unknown}
Books
 b - the Guide on Contamination

   Spells                             Type                      Level
   a - Sting                          Conjuration/Poison           1
   b - Ignite Poison                  Fire/Transmutation/Poison    3
Comestibles
 f - a bread ration
 j - 4 royal jellies
 p - a fruit
 B - 2 chunks of flesh


   Skills:
 - Level 2.0 Fighting
 + Level 4.2 Polearms
 - Level 1.0 Throwing
 + Level 2.2 Dodging
 - Level 2.6 Stealth
   Level 3.0 Fire Magic
 + Level 2.4 Poison Magic


You had 3 spell levels left.
You knew the following spells:

 Your Spells              Type           Power        Failure   Level  Hunger
a - Sting                 Conj/Pois      #...         9%          1    ##.....


Dungeon Overview and Level Annotations

Branches:
Dungeon (4/15)
 Temple: D:4-7

Altars:
Gozag
Trog
The Shining One


Innate Abilities, Weirdness & Mutations

You cannot wear most types of armour.
((You are amphibious.))
You can wear up to eight rings at the same time.
((You can use your tentacles to constrict eight enemies at once.))
((Your skin changes colour to match your surroundings (Stealth).))
((Your rubbery body absorbs attacks (AC +1).))


Message History

You constrict the scorpion, but do no damage.
Attack whom?
Press: ? - help, Dir - move target cursor, f/p - scorpion
Aim: a scorpion (moderately wounded, constricted by you)
You hit the scorpion but do no damage. You squeeze the scorpion.
The scorpion is heavily wounded.
You constrict the scorpion. The scorpion stings you!
* * * LOW HITPOINT WARNING * * *
You are more poisoned.
The scorpion poisons you!
Drink which item? (? for menu, Esc to quit)
Okay, then.
You release your grip on the scorpion.
* * * LOW HITPOINT WARNING * * *
You feel sick.
You see here a dagger.
Drink which item? (? for menu, Esc to quit)
It was a potion of lignification.
You turn into a tree.
Your roots penetrate the ground.
You die...

†.## #.###
.†.#####.#####
#..†.........##
##.†###.####..#
..#......# ##.####
#.###..#....#....##
#.....#####.####s.####
..............###....##
##..#..>###.....♣.....#
#.####.# ###.#########
#. .# # .# #


There were no monsters in sight!

Vanquished Creatures
  An orc wizard (D:2)
  3 adders
  An ooze (D:3)
  2 worms
  6 giant geckos
  6 orcs
  5 bats
  5 giant cockroaches
  9 hobgoblins
  6 jackals
  6 kobolds
  2 quokkas (D:3)
  6 giant newts
  12 goblins
  5 rats
75 creatures vanquished.

Notes
Turn   | Place    | Note
--------------------------------------------------------------
     0 | D:1      | M4edhros the Octopode Wanderer began the quest for the Orb.
     0 | D:1      | M4edhros set off with: a +2 spear, the Guide on Contamination, 11 poisoned needles, a +0 blowgun, a +0 dagger, a bread ration
     0 | D:1      | Reached XP level 1. HP: 14/14 MP: 1/1
     0 | D:1      | Identified the Guide on Contamination
   190 | D:1      | Reached XP level 2. HP: 13/19 MP: 2/2
   423 | D:1      | Reached skill level 3 in Polearms
   828 | D:1      | Reached XP level 3. HP: 21/24 MP: 3/3
  1117 | D:2      | Found a faded altar to an unknown god.
  1514 | D:2      | Learned a level 1 spell: Sting
  1731 | D:2      | Reached skill level 1 in Poison Magic
  1731 | D:2      | Reached XP level 4. HP: 25/29 MP: 4/4
  1961 | D:2      | Reached skill level 4 in Polearms
  1961 | D:2      | Reached skill level 1 in Dodging
  2149 | D:3      | Found an opulent altar of Gozag.
  2152 | D:3      | Found a bloodstained altar of Trog.
  2313 | D:3      | Reached XP level 5. HP: 34/34 MP: 5/5
  2482 | D:3      | Found a glowing golden altar of the Shining One.
  2634 | D:4      | HP: 1/34 [poisoned by a scorpion]
  2635 | D:4      | Succumbed to a scorpion's poison

Vault maps used:
D:1:      eino_arrival_tree_alley
D:2:      ecumenical_altar_1, serial_forest, infiniplex_forest_clump_cross,
          infiniplex_forest_zigzag_1, infiniplex_forest_3_way,
          infiniplex_forest_clump_double, infiniplex_forest_clump_large,
          infiniplex_forest_lined_2, infiniplex_forest_3_way,
          infiniplex_forest_straight_4
D:3:      nicolae_tso_swordbearing_angel, lemuel_crystal_altar,
          overflow_temple_1_default
D:4:      makhleb_blood_cavern_becter, minmay_temple_entry_overgrown,
          first_bread, serial_shops, shop, okawaru_altar_gauntlet_db,
          uniq_sigmund

Skill      XL: |  1  2  3  4  5 |
---------------+----------------+-----
Polearms       | 3 4 |  4.2
Poison Magic   | 1 2 |  2.4
Dodging        | 2 |  2.2
Fighting       | |  2.0
Throwing       | |  1.0
Stealth        | |  2.6
Fire Magic     | |  3.0

Action                   |  1- 3 |  4- 6 || total
-------------------------+-------+-------++-------
Melee: Spear             |    96 |    84 ||   180
 Cast: Sting             |     3 |       ||     3
  Use: Potion            |       |     2 ||     2
 Stab: Sleeping          |     7 |     7 ||    14
  Eat: Chunk             |     3 |     2 ||     5
